 Dungeon Crawl Stone Soup version 0.30-a0-591-g3c58d2bc28 (webtiles) character file.

Game seed: 17312002526760020664

155528 wormed the Alchemist (level 17, -7/121 HPs)
             Began as an Octopode Transmuter on Jan 5, 2023.
             Was an Initiate of Gozag.
             Killed from afar by a salamander tyrant (30 damage)
             ... on level 4 of the Snake Pit.
             The game lasted 01:02:08 (34068 turns).

wormed the Alchemist (Octopode Transmuter)         Turns: 34068, Time: 01:02:09

Health: -7/121     AC: 23    Str: 10    XL:     17   Next: 65%
Magic:  28/29      EV: 31    Int: 40    God:    Gozag
Gold:   1806       SH:  0    Dex: 13    Spells: 18/32 levels left

rFire   . . .      SeeInvis .      - Unarmed
rCold   + . .      Faith    .    (shield currently unavailable)
rNeg    . . .      Spirit   .    (helmet currently unavailable)
rPois   ∞          Reflect  .    l - amulet of regeneration
rElec   +          Harm     .    k - +5 ring of evasion
rCorr   .          Rampage  .    j - ring of protection from cold
Will    +....                    a - +4 ring of slaying
Stlth   +                        S - +6 ring of intelligence
HPRegen 1.20/turn                R - +6 ring of intelligence
MPRegen 0.21/turn                b - +4 ring of protection
                                 Q - +6 ring of intelligence
                                 r - +4 ring of slaying

@: storm-form, weakened, wereblooded, flying, studying Short Blades
A: cleaving, insubstantial, flying, almost no armour, amphibious, 8 rings,
(camouflage 1), (gelatinous body 1), (nimble swimmer 1), (tentacles)
a: Blinkbolt, End Transformation, Renounce Religion, Potion Petition, Call
Merchant, Bribe Branch


You were on level 4 of the Snake Pit.
You worshipped Gozag.
Gozag was most pleased with you.
You were a lightning-filled tempest!
You visited 5 branches of the dungeon, and saw 27 of its levels.
You also visited: Bailey.

You collected 10703 gold pieces.
You spent 2660 gold pieces at shops.
You paid 6237 gold pieces to Gozag.

Inventory:

Missiles
 K - 4 throwing nets
Jewellery
 a - a +4 ring of slaying (on tentacle)
 b - a +4 ring of protection (on tentacle)
 j - a ring of protection from cold (right tentacle)
 k - a +5 ring of evasion (left tentacle)
 l - an amulet of regeneration (around neck)
 r - a +4 ring of slaying (on tentacle)
 Q - a +6 ring of intelligence (on tentacle)
 R - a +6 ring of intelligence (on tentacle)
 S - a +6 ring of intelligence (on tentacle)
Wands
 i - a wand of acid (6)
 m - a wand of flame (45)
 o - a wand of mindburst (57)
 q - a wand of polymorph (7)
 t - a wand of iceblast (35)
 L - a wand of charming (15) (quivered)
Scrolls
 p - 4 scrolls of amnesia
 v - 2 scrolls of brand weapon
 w - 4 scrolls of fog
 y - 7 scrolls of teleportation
 A - 3 scrolls of magic mapping
 C - 2 scrolls of enchant armour
 F - 3 scrolls of poison
 G - 2 scrolls of immolation
 H - 2 scrolls of enchant weapon
 J - a scroll of fear
 M - 7 scrolls of identify
Potions
 c - 3 potions of ambrosia
 d - 7 potions of mutation
 e - 5 potions of flight
 g - 6 potions of brilliance
 h - 2 potions of attraction
 n - 3 potions of might
 x - a potion of magic
 z - 7 potions of curing
 B - 4 potions of invisibility
 D - 2 potions of haste
 E - 5 potions of berserk rage
 I - a potion of lignification
 N - 2 potions of cancellation


   Skills:
 + Level 12.5 Fighting
 + Level 12.6 Dodging
 + Level 12.8 Unarmed Combat
 - Level 8.0 Spellcasting
 * Level 15.4 Transmutations
 - Level 5.0 Ice Magic
 * Level 15.4 Air Magic


You had 18 spell levels left.
You knew the following spells:

 Your Spells              Type           Power      Damage    Failure   Level
a - Storm Form            Tmut/Air       48%        N/A       3%          7
b - Wereblood             Tmut           96%        N/A       0%          2
c - Beastly Appendage     Tmut           100%       N/A       0%          1
d - Ice Form              Ice/Tmut       78%        N/A       1%          4

Your spell library contained the following spells:

 Spells                   Type           Power      Damage    Failure   Level
 Swiftness                Air            96%        N/A       0%          3
 Ensorcelled Hibernation  Hex/Ice        72%        N/A       1%          2
 Passwall                 Tmut/Erth      55%        N/A       1%          2
 Static Discharge         Conj/Air       100%       2-7/arc   1%          2
 Ozocubu's Armour         Ice            54%        N/A       1%          3
 Spider Form              Tmut/Pois      67%        N/A       1%          3
 Vhi's Electric Charge    Tloc/Air       100%       N/A       1%          3
 Necrotise                Necr           64%        1d7       2%          1
 Arcjolt                  Conj/Air       33%        1d43      2%          5
 Lightning Bolt           Conj/Air       33%        1d51      2%          5
 Silence                  Hex/Air        33%        N/A       2%          5
 Sublimation of Blood     Necr           16%        N/A       3%          2
 Dragon Form              Tmut           48%        N/A       3%          7
 Dazzling Flash           Conj/Hex       32%        N/A       6%          3
 Inner Flame              Hex/Fire       16%        N/A       6%          3
 Stone Arrow              Conj/Erth      32%        3d9       6%          3
 Vampiric Draining        Necr           16%        2d7       6%          3
 Cause Fear               Hex            8%         N/A       22%         4
 Passage of Golubria      Tloc           16%        N/A       22%         4
 Metabolic Englaciation   Hex/Ice        18%        N/A       22%         5
 Agony                    Necr           16%        N/A       52%         5
 Lee's Rapid Deconstruct  Erth           8%         3d7*      52%         5
 Ozocubu's Refrigeration  Ice            27%        4d13      93%         7
 Iron Shot                Conj/Erth      8%         9d3       97%         6
 Summon Hydra             Summ           8%         N/A       100%        7
 Discord                  Hex            8%         N/A       100%        8
 Lehudib's Crystal Spear  Conj/Erth      8%         10d3      100%        8
 Dragon's Call            Summ           8%         N/A       100%        9
 Animate Armour           Summ/Erth      Unusable   N/A       N/A         4
 Simulacrum               Ice/Necr       Unusable   N/A       N/A         6

Dungeon Overview and Level Annotations

Branches:
Dungeon (15/15)            Temple (1/1) D:4            Lair (5/5) D:8
 Shoals (0/4) Lair:3        Snake (4/4) Lair:3        Slime (0/5) Lair:4
    Orc (2/2) D:9             Elf (0/3) Orc:2        Vaults (0/5) D:14
 Depths (0/4) D:15         Bailey (visited)

Altars:
Ashenzari
Cheibriados
Dithmenos
Elyvilon
Fedhas
Gozag
Hepliaklqana
Kikubaaqudgha
Makhleb
Nemelex Xobeh
Okawaru
Qazlal
Ru
Sif Muna
Trog
Uskayaw
Vehumet
Wu Jian
Xom
Yredelemnul
Zin
The Shining One

Shops:
D:1 ::*(   D:2 ?   D:13 ::=*   D:15 **   Orc:2 [([[   Snake:1 [   Snake:2 (
Snake:3 [   Snake:4 :=!(

Annotations:
D:5 1 runed translucent door
D:12 1 runed translucent door
Lair:2 Urug


Innate Abilities, Weirdness & Mutations

You are a lightning-filled tempest!
Your electrical attacks strike out in all directions at once.
You are incredibly evasive.
Your insubstantial body is immune to petrification, constriction, and being set on fire You are flying.
You are immune to poison.
Your armour is entirely melded.
You are incapable of wielding weapons or throwing items.
You cannot wear most types of armour.
You are amphibious.
You can wear up to eight rings at the same time.
((Your skin changes colour to match your surroundings (Stealth+).))
((Your rubbery body absorbs attacks. (AC +1, EV +1)))
((You are camouflaged when in or above water. (Stealth+)))
((You have tentacles for arms and can constrict up to eight enemies at once.))


Message History

You feel as though you will be weak longer.
The salamander hits you but does no damage.
You blast the salamander!!!
You feel a bit better.
You kill the salamander!
The salamander tyrant calls gouts of flame from the lava!
The flame surge hits you!!!
* * * LOW HITPOINT WARNING * * *
The salamander tyrant gazes fiercely through you!
You feel as though you will be weak longer.
The naga warrior roars a battlecry!
The nagas go into a battle-frenzy!
Things that are here:
5 gold pieces; a +0 trident You are too injured to fight recklessly!
Blink to where?
Press: ? - help, Dir - move target
As you read the scroll of blinking, it crumbles to dust.
You bellow as the wereblood boils in your veins!
Things that are here:
a +0 quarterstaff; a +0 robe
There is an open door here.
You reach down and close the door.
The salamander tyrant gazes fiercely through you!
You feel as though you will be weak longer.
The salamander tyrant gazes fiercely through you!
You feel as though you will be weak longer.
The salamander tyrant gazes fiercely through you!
You feel as though you will be weak longer.
The salamander tyrant rends the earth beneath you!
The blast of magma engulfs you!!
* * * LOW HITPOINT WARNING * * *
The salamander tyrant gazes fiercely through you!
You feel as though you will be weak longer.
The salamander tyrant calls gouts of flame from the lava!
The flame surge hits you!
* * * LOW HITPOINT WARNING * * *
The salamander tyrant rends the earth beneath you!
The blast of magma engulfs you!!
You die...
Your body crumbles into a pile of gold.

#....#....≈≈≈≈≈≈....##. ..##.##
###.####+#≈§≈≈≈≈#'####..###.##.#
....#....).§§≈≈......##.....##)##
.####.......§≈.......###.....)..#
## #.....§§§≈§......# #........#
#......§≈§≈......##.........#
#...§§§≈§≈≈≈≈....##....#....#
##..≈§§§§≈≈≈≈≈≈≈).##....##....
##...§§N≈≈≈N≈≈v≈§§))######.....
##.§.≈§§########§§§.§)## #.....
##.§§≈≈###......###§≈≈..## #.....
#.§§≈N##N.).......##≈≈§..######..
..§≈§##...)........##≈≈≈..#####.#
.≈≈§##....######.N..##≈§§§.##...#
§N≈##...### ###...##≈≈§.§##...
≈§##...## ##≈.≈##§§≈§.#...
§≈#...## ##§..#≈§§).#...


You could see 2 salamander tyrants.

Vanquished Creatures
  Saint Roka (Snake:2)
  Vashnia (Snake:2)
  A caustic shrike (shapeshifter) (D:12)
  Rupert (Lair:5)
  The ghost of Jais Joink the Severer, an adept FoFi of Okawaru (D:15)
  A fire giant (D:12)
  2 nagarajas
  A juggernaut skeleton (D:15)
  An orc warlord (Orc:2)
  The ghost of yumyumyeen the Stickfighter, a journeyman DrMo of Wu Jian (Orc:2)
  7 hydras
  A rakshasa (D:12)
  A salamander tyrant (Snake:4)
  5 centaur warriors
  8 anacondas
  4 catoblepae
  2 two-headed ogres
  11 death yaks
  2 dancing weapons (D:14)
  2 death knights
  6 naga warriors
  11 boulder beetles
  A tengu warrior (D:12)
  An orc high priest (Orc:2)
  3 shock serpents
  11 naga sharpshooters
  A hell knight (D:12)
  6 salamander mystics
  3 skeletal warriors
  A flayed ghost (D:15)
  A lindwurm (Snake:4)
  A swamp dragon (D:13)
  4 naga ritualists
  A necromancer (D:15)
  5 deep elf pyromancers
  3 orc sorcerers
  Pikel (D:7)
  2 deep elf zephyrmancers (D:13)
  6 mana vipers
  A harpy (shapeshifter) (D:11)
  A phantasmal warrior (D:14)
  23 ugly things
  8 orc knights
  2 frost giant zombies (D:15)
  4 manticores
  7 cyclopes
  3 elephants (Lair:5)
  25 black mambas
  4 guardian serpents
  12 salamanders
  2 gargoyles
  A torpor snail (Lair:5)
  14 naga magi
  The ghost of Newt the Grave Robber, a novice DsGl of Yredelemnul (D:5)
  11 cane toads
  2 rime drakes
  An efreet (D:13)
  A freezing wraith (D:14)
  5 komodo dragons
  A tengu conjurer (D:13)
  2 yaktaurs
  A guardian mummy (D:15)
  A polar bear (Lair:2)
  6 trolls
  4 merfolk (Lair:3)
  Prince Ribbit (D:6)
  A spriggan zombie (D:15)
  13 blink frogs
  12 dream sheep
  A dream sheep (shapeshifter) (D:12)
  2 shadows
  6 wraiths
  10 slime creatures
  Sigmund (D:3)
  4 wyverns
  26 yaks
  A vampire (D:9)
  3 basilisks
  A steam dragon (D:7)
  Menkaure (D:6)
  17 vampire mosquitoes
  3 wargs
  3 acid dragons
  30 nagas
  Edmund (D:6)
  20 water moccasins
  2 spectral trolls (Orc:2)
  48 orc warriors
  An ice beast (D:8)
  2 sky beasts
  7 black bears
  9 ogres
  15 wolves
  5 boggarts (D:14)
  7 centaurs
  A lemure (D:7)
  2 kobold brigands
  3 phantoms
  Blork the orc (D:6)
  3 gnoll sergeants
  14 bullfrogs
  A cane toad simulacrum (Orc:1)
  3 necrophages
  5 scorpions
  8 wights
  An elephant simulacrum (Orc:1)
  4 killer bees (D:10)
  10 howler monkeys
  3 hounds
  Crazy Yiuf (D:2)
  4 jellies
  24 orc priests
  3 gnoll boudas
  3 iguanas
  Terence (D:3)
  39 orc wizards
  A spectral orc (Orc:2)
  12 hell rats
  2 polar bear simulacra (Orc:1)
  A wolf simulacrum (Orc:1)
  2 troll simulacra (Orc:1)
  34 gnolls
  18 adders
  A naga simulacrum (Orc:1)
  2 shadow imps (D:7)
  2 white imps
  An ufetubus (D:5)
  3 orc simulacra (Orc:2)
  A worm (D:2)
  140 orcs
  7 bats
  8 endoplasms
  A giant cockroach (D:1)
  17 goblins
  14 hobgoblins
  8 jackals
  5 quokkas
  4 ball pythons
  5 frilled lizards
  13 kobolds
  4 rats
958 creatures vanquished.

Vanquished Creatures (collateral kills)
  A manticore (D:11)
  A cyclops (D:11)
  2 centaurs (D:11)
4 creatures vanquished.

Vanquished Creatures (others)
  15 fungi
  34 plants
  4 withered plants (D:15)
53 creatures vanquished.

Grand Total: 1015 creatures vanquished

Notes
Turn   | Place    | Note
-------+----------+-------------------------------------------
     0 | D:1      | wormed the Octopode Transmuter began the quest for the Orb.
     0 | D:1      | Reached XP level 1. HP: 13/13 MP: 3/3
   103 | D:1      | Reached XP level 2. HP: 18/18 MP: 3/5
   157 | D:1      | Learned a level 2 spell: Wereblood
   806 | D:2      | Reached XP level 3. HP: 23/23 MP: 2/6
  1052 | D:2      | Found a runed translucent door.
  1053 | D:2      | Noticed Crazy Yiuf
  1079 | D:2      | Found a shimmering altar of Xom.
  1366 | D:2      | Reached skill level 1 in Ice Magic
  1510 | D:2      | Found a faded altar of an unknown god.
  1523 | D:2      | Reached XP level 4. HP: 28/28 MP: 3/7
  1533 | D:2      | Learned a level 4 spell: Ice Form
  1734 | D:2      | Found Joolaz's Magic Scroll Boutique.
  1739 | D:2      | Bought a scroll of identify for 28 gold pieces
  1739 | D:2      | Bought a scroll of identify for 28 gold pieces
  2147 | D:3      | Noticed Terence
  2152 | D:3      | Killed Terence
  2483 | D:3      | Found a basalt altar of Yredelemnul.
  2496 | D:3      | Reached XP level 5. HP: 34/34 MP: 4/8
  2758 | D:3      | Noticed Sigmund
  3177 | D:4      | Noticed a black bear
  3190 | D:4      | Killed a black bear
  3191 | D:4      | Reached XP level 6. HP: 40/40 MP: 5/10
  3824 | D:4      | Reached XP level 7. HP: 45/45 MP: 7/11
  3861 | D:4      | Found a staircase to the Ecumenical Temple.
  3956 | D:5      | Entered Level 5 of the Dungeon
  4084 | D:5      | Found a runed translucent door.
  4090 | D:5      | Noticed Newt's ghost (novice DsGl)
  4199 | D:5      | HP: 2/54 [poisoned by a gnoll sergeant]
  4523 | D:5      | Found a runed translucent door.
  4818 | D:5      | Reached skill level 5 in Transmutations
  4818 | D:5      | Reached XP level 8. HP: 52/52 MP: 9/13
  5327 | D:6      | Noticed Menkaure
  5337 | D:6      | Killed Menkaure
  5554 | D:6      | Noticed Prince Ribbit
  5562 | D:6      | Killed Prince Ribbit
  5563 | D:6      | Reached skill level 5 in Unarmed Combat
  5778 | D:6      | Reached XP level 9. HP: 58/58 MP: 8/15
  6026 | D:6      | Found a bloodstained altar of Trog.
  6029 | D:6      | Found a burning altar of Makhleb.
  6032 | D:6      | Found a blossoming altar of Fedhas.
  6096 | D:6      | Found an ancient bone altar of Kikubaaqudgha.
  6267 | D:6      | Noticed a boulder beetle
  6288 | D:6      | Killed a boulder beetle
  6289 | D:6      | Reached skill level 5 in Dodging
  6565 | D:6      | Noticed Blork the orc
  6570 | D:6      | Killed Blork the orc
  6570 | D:6      | Noticed Edmund
  6606 | D:6      | Killed Edmund
  6607 | D:6      | Reached skill level 5 in Fighting
  7088 | D:7      | Reached skill level 5 in Spellcasting
  7088 | D:7      | Reached skill level 5 in Ice Magic
  7088 | D:7      | Reached XP level 10. HP: 61/66 MP: 13/17
  7255 | D:7      | Found a shadowy altar of Dithmenos.
  7322 | D:7      | Noticed Pikel
  7340 | D:7      | Killed Pikel
  7538 | D:7      | Found an iron altar of Okawaru.
  7711 | Temple   | Entered the Ecumenical Temple
  7881 | Temple   | Became a worshipper of Gozag Ym Sagoz the Greedy
  8881 | D:8      | Found a sparkling altar of Nemelex Xobeh.
  9297 | D:8      | Found a staircase to the Lair.
  9820 | D:9      | Found a broken altar of Ashenzari.
  9953 | D:9      | You fall into a shaft and drop 3 floors!
  9968 | D:12     | Noticed a gargoyle
  9976 | D:12     | Found a faded altar of an unknown god.
 10002 | D:12     | Noticed a boulder beetle
 10007 | D:12     | Noticed a boulder beetle
 10015 | D:11     | Noticed a cyclops
 10020 | D:11     | Reached XP level 11. HP: 9/73 MP: 18/20
 10031 | D:11     | Noticed a boulder beetle
 10031 | D:11     | Noticed a manticore
 10040 | D:11     | Killed a manticore
 10047 | D:11     | Killed a cyclops
 10106 | D:10     | Entered Level 10 of the Dungeon
 10106 | D:10     | Found a flagged portal.
 10121 | Bailey   | Entered a bailey
 10325 | Bailey   | Noticed an orc knight
 10330 | Bailey   | Killed an orc knight
 10343 | Bailey   | Noticed an orc warlord
 10607 | D:10     | Acquired 669 gold pieces
 10808 | D:10     | Reached skill level 10 in Transmutations
 11553 | D:9      | Noticed a two-headed ogre
 11649 | D:9      | Killed a two-headed ogre
 12038 | D:9      | Found a staircase to the Orcish Mines.
 12547 | D:11     | Noticed a two-headed ogre
 12555 | D:11     | Killed a two-headed ogre
 12624 | D:11     | Noticed a manticore
 12626 | D:11     | Noticed a harpy
 12631 | D:11     | Killed a harpy
 12646 | D:11     | Killed a manticore
 12647 | D:11     | Reached XP level 12. HP: 33/81 MP: 18/22
 12661 | D:11     | Killed a boulder beetle
 12668 | D:11     | Killed a boulder beetle
 13388 | D:2      | Killed Crazy Yiuf
 13465 | D:3      | Killed Sigmund
 13665 | D:5      | Killed Newt's ghost
 13944 | Lair:1   | Entered Level 1 of the Lair of Beasts
 15070 | Lair:2   | Noticed Urug
 15417 | Lair:2   | You fall into a shaft and drop 1 floor!
 15417 | Lair:3   | Noticed a seven-headed hydra
 15430 | Lair:3   | Killed a seven-headed hydra
 15616 | Lair:3   | Found a staircase to the Snake Pit.
 15733 | Lair:3   | Reached XP level 13. HP: 90/90 MP: 23/25
 15953 | Lair:3   | Found a staircase to the Shoals.
 17014 | Lair:4   | Reached skill level 10 in Unarmed Combat
 17046 | Lair:4   | Reached skill level 10 in Dodging
 17408 | Lair:4   | Found a staircase to the Slime Pits.
 17915 | Lair:5   | Entered Level 5 of the Lair of Beasts
 17926 | Lair:5   | Reached skill level 10 in Fighting
 17936 | Lair:5   | Reached skill level 1 in Air Magic
 18241 | Lair:5   | Noticed Rupert
 18271 | Lair:5   | Killed Rupert
 18272 | Lair:5   | Reached XP level 14. HP: 99/99 MP: 20/26
 19285 | Lair:4   | Reached skill level 5 in Air Magic
 20429 | Orc:1    | Entered Level 1 of the Orcish Mines
 20582 | Orc:2    | Entered Level 2 of the Orcish Mines
 20668 | Orc:2    | Found Fool Zalimp's Antique Armour Shop.
 20800 | Orc:2    | Found a runed translucent gate.
 20800 | Orc:2    | Found a runed translucent gate.
 20800 | Orc:2    | Found a runed translucent gate.
 20819 | Orc:2    | Noticed yumyumyeen's ghost (journeyman DrMo)
 20975 | Orc:2    | Found Hitumib's Antique Armour Emporium.
 21783 | D:1      | Bought the Information on Turbulent Quicksand for 588 gold
                  | pieces
 21792 | D:1      | Learned a level 7 spell: Storm Form
 22274 | Orc:2    | Found a staircase to the Elven Halls.
 22422 | Orc:2    | Noticed an orc warlord
 22773 | Orc:2    | Killed an orc warlord
 23075 | Orc:2    | Found Nushox's Antique Armour Boutique.
 23077 | Orc:2    | Found Tuasunlu's Antique Weapon Shop.
 23331 | Orc:2    | Killed yumyumyeen's ghost
 24281 | D:12     | Found a runed translucent door.
 24292 | D:12     | Reached skill level 10 in Air Magic
 24293 | D:12     | Reached XP level 15. HP: 46/106 MP: 27/27
 24348 | D:12     | Identified the +5 great sword of Eternal Vigilance {spect,
                  | Int+4}
 24348 | D:12     | Noticed a fire giant
 24349 | D:12     | Found a runed translucent door.
 24904 | D:13     | HP: 2/106 [death knight/+4 halberd (20)]
 26056 | D:13     | Found Wamo's Jewellery Shoppe.
 26103 | D:13     | Found Zedeir's Book Boutique.
 26110 | D:13     | Bought a +6 ring of intelligence for 504 gold pieces
 26156 | D:13     | Found Onet's Book Boutique.
 26346 | D:13     | Found Qouwn's Assorted Antiques.
 26482 | D:13     | Found the +5 Lochaber axe {reach-cleave, poleaxe, Drain}
 26485 | D:13     | Identified the +2 sling of Ranatotu {antimagic, rElec Will+
                  | Str+7 Dex-3}
 27137 | D:12     | Killed a fire giant
 27257 | D:12     | Noticed a frost giant
 27257 | D:12     | Noticed a fire giant
 27258 | D:12     | Noticed a frost giant
 27258 | D:12     | Noticed a frost giant
 27287 | D:12     | Noticed a caustic shrike
 27299 | D:12     | Killed a caustic shrike
 27814 | D:14     | Found a gate to the Vaults.
 28245 | D:14     | Found a sacrificial altar of Ru.
 28265 | D:14     | Reached XP level 16. HP: 105/112 MP: 19/28
 28451 | D:14     | Found an ornate altar of the Wu Jian Council.
 28563 | D:15     | Entered Level 15 of the Dungeon
 28659 | D:15     | Found a runed translucent door.
 28659 | D:15     | Noticed Jais Joink's ghost (adept FoFi)
 28674 | D:15     | Found a staircase to the Depths.
 28752 | D:15     | Identified the +6 rapier of Lies {drain, *Corrode rElec
                  | Str+5 Int+4}
 28836 | D:15     | Identified the +8 spear of the Sun {heavy, Dex+2}
 29481 | D:15     | Found Soshrinib's Specific Store.
 29481 | D:15     | Found Arraheq's General Store.
 29805 | D:15     | Killed Jais Joink's ghost
 30060 | Snake:1  | Entered Level 1 of the Snake Pit
 30207 | Snake:1  | Identified the +4 shortbow of Wyrd {drain, rPois rC- rN+
                  | Str+4}
 30490 | Snake:1  | Found Pyapsat's Antique Armour Boutique.
 30942 | Snake:2  | Noticed Vashnia
 30974 | Snake:2  | Killed Vashnia
 31006 | Snake:2  | Noticed a nagaraja
 31014 | Snake:2  | Killed a nagaraja
 31526 | Snake:2  | Found Paodwide's Antique Weapon Shoppe.
 31818 | Snake:2  | Noticed Saint Roka
 31839 | Snake:2  | Killed Saint Roka
 32054 | Snake:3  | Reached XP level 17. HP: 95/119 MP: 29/29
 32891 | Snake:3  | Found Xyurus's Armour Emporium.
 33003 | Snake:4  | Entered Level 4 of the Snake Pit
 33237 | Snake:4  | Reached skill level 15 in Transmutations
 33331 | Snake:4  | Reached skill level 15 in Air Magic
 33504 | Snake:4  | Found Otixt's Jewellery Shoppe.
 33507 | Snake:4  | Found Zamicia's Weapon Emporium.
 33507 | Snake:4  | Found Hohujy's Book Shoppe.
 33554 | Snake:4  | Identified the +5 scale mail "Levun" {Contam Str+3 Dex+4}
 33556 | Snake:4  | Bought a +6 ring of intelligence for 756 gold pieces
 33556 | Snake:4  | Bought a +6 ring of intelligence for 756 gold pieces
 33569 | Snake:4  | Found Faes Vod's Distillery.
 34068 | Snake:4  | Killed from afar by a salamander tyrant

Illustrated notes

Levels and vault maps discovered:
D:1:      onia_arrival_mini_spirals, layout_basic
D:2:      layout_basic, chequers_ecumenical_altar_simple_redux, basic_altar,
          serial_shops, nicolae_shop_waterfront, uniq_crazy_yiuf_cottage
D:3:      layout_loops_cross, general_overflow_altar, uniq_sigmund, uniq_terence
D:4:      layout_rooms, minmay_temple_entry_drinking_statues
D:5:      layout_basic, ebering_ghost_sewer_f, nicolae_grassy_gnolls
D:6:      layout_loops_ring, grunt_temple_overflow_cloverleaf,
          minmay_manual_monolith, uniq_edmund, uniq_prince_ribbit1,
          uniq_blork_the_orc, uniq_menkaure
D:7:      layout_cave_pods, mainiacjoe_overflow_catch_the_wave,
          chequers_arboretum, uniq_pikel
D:8:      layout_cave_pools, mainiacjoe_overflow_alcove_1,
          grunt_lair_entry_orc_guard_hut, minivault_21
D:9:      layout_cave_pools, mainiacjoe_overflow_brackets, hiddenorc1_lemuel,
          patterned_corridor
D:10:     layout_roguey, enter_bailey_2
D:11:     layout_cave_pools, serial_glass, glass_columns_a, glass_columns_c,
          feat_on_display
D:12:     minmay_expanding_circles, layout_irregular_city, serial_column_ruins,
          column_ruins_circle_small, column_ruins_temple_circle,
          column_ruins_columns_straight, column_ruins_corridor_straight,
          column_ruins_grid_3, column_ruins_grid_4, kennysheep_just_a_vault
D:13:     minmay_the_grid_4x2 [minmay_the_grid_aliased_spiral,
          minmay_the_grid_dragon_a, minmay_the_grid_embedded,
          minmay_the_grid_box_x, minmay_the_grid_holed_spiral,
          minmay_the_grid_tri_star, minmay_the_grid_tiny_cups,
          minmay_the_grid_prize_trominoes], layout_long_grid, serial_shops,
          nicolae_diamond_shop, nicolae_shop_trees, shop, shop
D:14:     layout_basic, erik_vaults_1, nicolae_wu_jian_immortal_techniques,
          grunt_decor_cap, nicolae_ru_sacrificial_ziggurat
D:15:     gammafunk_depths_entry_grave, layout_long_grid, gammafunk_ghost_grave,
          nicolae_specific_store
Temple:   hellmonk_temple_forest_ring
Lair:1:   layout_misc_corridors, grunt_megastairs_2, lemuel_fruit_tree
Lair:2:   layout_loops_ring, uniq_urug
Lair:3:   layout_hall_layers, elwin_shoals_entry_stream, dummy_snake_entry,
          nicolae_quartered_pool_impasse, beast_lair_carwin_11
Lair:4:   layout_cave_pods, dpeg_slime_entry_corner
Lair:5:   evilmike_catoblepas_cave, layout_small_grid, st_stairs_12, uniq_rupert
Snake:1:  layout_rooms, serial_shops, shop, nicolae_integral_box
Snake:2:  layout_gridlike, nicolae_stop_n_shop_1, nicolae_snake_double_loop,
          uniq_vashnia, uniq_saint_roka
Snake:3:  layout_misc_corridors, serial_shops, nicolae_square_shop
Snake:4:  snake_pit_salamanders_mu, layout_misc_corridors, grunt_megastairs_5,
          minmay_shoptagon
Orc:1:    layout_caves, portal_ice_cave_entry_ice_simulacra
Orc:2:    grunt_orc_community_town_hall, layout_diamond_mine,
          grunt_orc_community_big_house_1, grunt_orc_community_big_house_2,
          grunt_orc_community_house_1, grunt_orc_community_house_2,
          grunt_orc_community_house_1, grunt_orc_community_house_1,
          grunt_orc_community_house_3, grunt_orc_community_house_3,
          gammafunk_ghost_necromancy

Skill      XL: |  1  2  3  4  5  6  7  8  9 10 11 12 13 14 15 16 17 |
---------------+----------------------------------------------------+-----
Ice Magic      | 1 2 3 5 |  5.0
Transmutations | 3 4 5 6 7 9 10 12 13 14 15 | 15.4
Fighting       | 2 3 4 5 6 7 8 10 11 12 | 12.5
Dodging        | 3 4 5 6 7 9 10 11 12 | 12.6
Unarmed Combat | 4 5 6 7 8 9 10 11 12 | 12.8
Spellcasting   | 3 4 5 6 7 8 |  8.0
Air Magic      | 4 10 13 14 15 | 15.4

Action                   |  1- 3 |  4- 6 |  7- 9 | 10-12 | 13-15 | 16-18 || total
-------------------------+-------+-------+-------+-------+-------+-------++-------
Melee: Unarmed           |    69 |   106 |   222 |   634 |   939 |   422 ||  2392
       Kick              |    20 |    18 |       |       |       |       ||    38
       Constrict         |    16 |    21 |     1 |     5 |     7 |     1 ||    51
       Tentacles         |    13 |    11 |     2 |     3 |    11 |     3 ||    43
       Punch             |     2 |     2 |       |       |    44 |    49 ||    97
 Cast: Beastly Appendage |    24 |    20 |       |       |     2 |       ||    46
       Wereblood         |    18 |    12 |     5 |    58 |    69 |    50 ||   212
       Ice Form          |       |     9 |    28 |    72 |    56 |       ||   165
       Storm Form        |       |       |       |       |    31 |    50 ||    81
Invok: Potion Petition   |       |       |       |     4 |     3 |       ||     7
       Call Merchant     |       |       |       |     2 |     2 |       ||     4
 Abil: Blinkbolt         |       |       |       |       |     2 |       ||     2
Evoke: Wand              |       |       |       |    22 |       |       ||    22
  Use: Scroll            |     6 |     2 |     8 |    16 |     7 |     1 ||    40
       Potion            |       |       |     4 |     9 |     4 |     2 ||    19
 Stab: Sleeping          |     3 |     3 |       |       |       |       ||     6
       Distracted        |       |       |       |     5 |     9 |     4 ||    18
       Invisible         |       |       |       |     3 |       |       ||     3
Armor: Skin              |    12 |    12 |    39 |   182 |   236 |    76 ||   557
Dodge: Dodged            |    34 |    67 |   121 |   580 |   721 |   359 ||  1882

Table legend: (Time is in decaauts)
 A = Elapsed time spent in this place.
 B = Non-inter-level travel time spent in this place.
 C = Inter-level travel time spent in this place.
 D = Time resting spent in this place.
 E = Time spent auto-exploring this place.
 F = Levels seen in this place.
 G = Mean time per level.
                   A        B        C        D        E       F      G
               +--------+--------+--------+--------+--------+-----+--------+
         Total |  33748 |  30309 |   3439 |   2404 |  21493 |  28 | 1205.3 |
       Dungeon |  20308 |  17559 |   2749 |   1396 |  12566 |  15 | 1353.9 |
        Temple |    178 |    147 |     31 |      0 |    136 |   1 |  178.0 |
          Lair |   6194 |   5841 |    353 |    839 |   3837 |   5 | 1238.8 |
     Snake Pit |   3942 |   3845 |     97 |      0 |   3149 |   4 |  985.5 |
  Orcish Mines |   2668 |   2461 |    207 |    169 |   1606 |   2 | 1334.0 |
        Bailey |    456 |    456 |      0 |      0 |    199 |   1 |  456.0 |
               +--------+--------+--------+--------+--------+-----+--------+

Top non-repeatable levels by time:
    D:12: 2246 daAuts
     D:6: 1967 daAuts
   Orc:2: 1961 daAuts
     D:7: 1804 daAuts
  Lair:4: 1791 daAuts
     D:2: 1612 daAuts
  Lair:5: 1517 daAuts
     D:5: 1503 daAuts
    D:13: 1396 daAuts
    D:15: 1275 daAuts
     D:3: 1251 daAuts
     D:9: 1228 daAuts
 Snake:2: 1176 daAuts
     D:8: 1156 daAuts
     D:4: 1141 daAuts
